 Dungeon Crawl Stone Soup version 0.19.5 (webtiles) character file.

19432 Azzok the Warrior (level 12, 0/109 HPs)
             Began as a Minotaur Fighter on Aug 3, 2017.
             Was the Champion of Okawaru.
             Slain by a polar bear (4 damage)
             ... in an ice cave.
             The game lasted 00:27:53 (10040 turns).

Azzok the Warrior (Minotaur Fighter)               Turns: 10040, Time: 00:27:54

Health: 0/109      AC: 18    Str: 19    XL:     12   Next: 36%
Magic:  0/18       EV:  9    Int:  5    God:    Okawaru [******]
Gold:   77         SH:  0    Dex: 24    Spells: 0 memorised, 11 levels left

rFire  + . .     SeeInvis .     D - +8 shortbow "Giantslayer" {velocity, rF+ Dex+3}
rCold  . . .     Gourm    .     B - +0 plate armour
rNeg   . . .     Faith    .     (shield currently unavailable)
rPois  .         Spirit   +     (helmet restricted)
rElec  .         Reflect  .     J - +0 cloak
rCorr  .         Harm     .     G - +0 pair of gloves
MR     .....     Clarity  +     h - +0 pair of boots
Stlth  ..........               z - amulet of guardian spirit
                                H - +6 ring of dexterity
                                (no ring)

@: heroism
A: retaliatory headbutt, horns 2, clarity, frail 1, regeneration 2, weak 1
a: Heroism, Finesse, Renounce Religion


You were in an ice cave.
You worshipped Okawaru.
Okawaru was exalted by your worship.
You were not hungry.

You visited 3 branches of the dungeon, and saw 12 of its levels.
You also visited: Ice Cave.

You collected 571 gold pieces.
You spent 494 gold pieces at shops.

Inventory:

Hand Weapons
 m - the +14 plutonium sword {*Contam Stlth-}
   (Okawaru gifted it to you on level 1 of the Lair of Beasts)

   It causes magical contamination when unequipped.
   It makes you less stealthy.
 D - the +8 shortbow "Giantslayer" (weapon) {velocity, rF+ Dex+3}
   (Okawaru gifted it to you in an ice cave)

   Any arrow fired from it inflicts extra damage.
   It affects your dexterity (+3).
   It protects you from fire.
 F - a +0 shortbow
 O - the +9 morningstar of Quaqaub {holy, MP+9 Dex+2}
   (You bought it in a shop on level 6 of the Dungeon)

   It has been blessed by the Shining One to cause great damage to the undead
   and demons.
   It affects your dexterity (+2).
   It affects your magic capacity (+9).
 Q - the +8 war axe "Ciatyi" {speed, +Fly rElec Dex+3}
   (You bought it in a shop on level 6 of the Dungeon)

   Attacks with this weapon are significantly faster.
   It affects your dexterity (+3).
   It insulates you from electricity.
   It lets you fly.
Missiles
 p - 228 arrows (quivered)
Armour
 c - a +0 shield
 h - a +0 pair of boots (worn)
 y - +0 fire dragon scales
 B - a +0 plate armour (worn)
 G - a +0 pair of gloves (worn)
 J - a +0 cloak (worn)
Jewellery
 a - an uncursed ring of protection from magic
 b - an uncursed ring of see invisible
 g - an uncursed ring of ice
 k - a +2 ring of evasion
 z - an amulet of guardian spirit (around neck)
 H - a +6 ring of dexterity (right hand)
 P - an uncursed ring of protection from magic
Wands
 q - a wand of iceblast (10/15)
 w - a wand of iceblast (6/15)
 I - a wand of lightning (4/15)
 X - a wand of disintegration (15/24)
Scrolls
 i - 11 scrolls of remove curse
 n - 4 scrolls of blinking
 r - 5 scrolls of teleportation
 A - a scroll of fear
 K - 2 scrolls of magic mapping {unknown}
 V - 2 scrolls of enchant armour {unknown}
 W - a scroll of summoning {unknown}
 Z - a scroll of brand weapon {unknown}
Potions
 d - a potion of might
 e - 4 potions of agility
 s - 2 potions of haste
 t - 3 potions of cure mutation {unknown}
 u - a potion of flight {unknown}
 x - 3 potions of heal wounds {unknown}
 C - 3 potions of berserk rage {unknown}
 E - 2 potions of brilliance {unknown}
 R - 2 potions of curing
 U - 2 potions of lignification {unknown}
Comestibles
 f - 12 bread rations {@e1}
 j - 23 chunks of flesh {@w0}
 l - 3 meat rations {@e2}
 o - 13 fruits
 v - 2 beef jerkies
 L - a slice of pizza


   Skills:
 - Level 16.0(21.0) Fighting
 - Level 2.4(7.4) Long Blades
 + Level 12.3(17.3) Bows
 - Level 3.6(8.6) Armour
 - Level 3.6(8.6) Shields
 - Level 10.0 Invocations


You had 11 spell levels left.
You didn't know any spells.

Dungeon Overview and Level Annotations

Branches:
Dungeon (10/15)            Temple (1/1) D:4            Lair (1/6) D:8
    Orc: D:9-12

Altars:
Ashenzari
Cheibriados
Dithmenos
Elyvilon
Fedhas
Gozag
Hepliaklqana
Kikubaaqudgha
Makhleb
Nemelex Xobeh
Okawaru
Qazlal
Ru
Sif Muna
Trog
Uskayaw
Vehumet
Xom
Yredelemnul
Zin
The Shining One

Shops:
D:5 [   D:6 *

Annotations:
D:4 1 runed door
Lair:1 Sonja


Innate Abilities, Weirdness & Mutations

You reflexively headbutt those who attack you in melee.
You have a pair of horns on your head.
You possess an exceptional clarity of mind.
You are frail. (-10% HP)
You heal very quickly.
You are weak. (Str -2)


Message History

Press: ? - help, Shift-Dir - straight line, f/p - polar bear
Aim: a polar bear (lightly wounded)
You shoot an arrow. The arrow barely misses the polar bear.
Firing (i - inventory):
p - 228 arrows (quivered)
Press: ? - help, Shift-Dir - straight line, f/p - polar bear
Aim: a polar bear (lightly wounded)
Okay, then.
Okay, then.
Put on which piece of jewellery? (? for menu, Esc to quit)
You're wearing all the rings you can.
Remove which one? (? for menu, Esc to cancel) < or
k - a +2 ring of evasion; > or
H - a +6 ring of dexterity You remove your +2 ring of evasion.
The frost giant gestures at you while chanting.
The bolt of cold hits the polar bear.
The polar bear resists.
The bolt of cold hits you!
* * * LOW MAGIC WARNING * * *;
* * * LOW HITPOINT WARNING * * *
The polar bear bites you.
* * * LOW MAGIC WARNING * * *
You die...

▒ ▒▒·····▒▒
▒▒···▒▒▒▒ ▒▒▒▒···▒▒
▒▒▒▒▒▒····▒▒▒
····▒···▒▒▒
▒▒····▒▒▒ ▒▒▒
▒▒▒▒▒▒▒ ▒▒▒▒▒▒·▒▒
▒▒▒ ▒▒···▒·▒·▒▒▒
··▒▒ ▒·⌠···▒▒▒@·▒
···▒▒▒▒▒·▒·▒▒▒(h▒▒▒
▒·····▒▒▒▒▒··▒▒C·Y▒
▒▒·····▒▒▒▒··▒▒▒··h▒
▒▒▒····▒···▒▒


hCh·▒ ▒▒▒▒···▒▒▒ ···▒▒ ▒▒▒▒▒ ·▒▒▒ ·$ ▒) You could see a frost giant and a polar
bear.

Vanquished Creatures
  2 death yaks (IceCv)
  A hill giant (D:10)
  Psyche (D:9)
  Joseph (D:7)
  An ice statue (IceCv)
  2 spiny frogs (Lair:1)
  A gargoyle (D:10)
  A rime drake (IceCv)
  A komodo dragon (Lair:1)
  A troll (D:10)
  A two-headed ogre (D:9)
  A hornet (D:9)
  10 polar bears (IceCv)
  Prince Ribbit (D:5)
  A spriggan (D:8)
  29 yaks
  A vampire (D:6)
  A hungry ghost (D:7)
  A wyvern (D:9)
  2 water moccasins (Lair:1)
  Duvessa (D:5)
  2 porcupines (Lair:1)
  6 orc warriors
  A phantom (D:10)
  3 sky beasts
  4 black bears
  3 ice beasts
  2 necrophages
  13 wolves (IceCv)
  6 ogres
  3 centaurs
  A crocodile (Lair:1)
  2 big kobolds
  10 bullfrogs
  Dowan (D:5)
  A scorpion (D:6)
  8 killer bees
  17 wights
  6 electric eels (D:10)
  A howler monkey (D:7)
  3 centaur zombies
  4 crimson imps
  A quasit (D:8)
  3 hounds
  6 orc priests
  A bullfrog zombie (D:5)
  A jelly (D:9)
  A bullfrog skeleton (D:5)
  12 orc wizards
  Jessica (D:2)
  6 iguanas
  Ijyb (D:3)
  4 worker ants
  A killer bee zombie (D:8)
  A hound skeleton (D:6)
  A worker ant zombie (D:10)
  3 gnolls (D:2)
  8 adders
  A shadow imp (D:9)
  An ooze (D:1)
  An adder zombie (D:9)
  3 adder skeletons
  2 worms
  A dart slug (D:3)
  4 leopard geckos
  23 orcs
  6 giant cockroaches
  A hobgoblin (D:1)
  9 jackals
  4 quokkas
  3 bats
  6 frilled lizards
  A giant cockroach zombie (D:6)
  12 goblins
  2 jackal skeletons
  18 kobolds
  A leopard gecko skeleton (D:4)
  A quokka skeleton (D:4)
  13 rats (D:2)
322 creatures vanquished.

Vanquished Creatures (others)
  A polar bear (IceCv)
1 creature vanquished.

Grand Total: 323 creatures vanquished

Notes
Turn   | Place    | Note
-------+----------+-------------------------------------------
     0 | D:1      | Azzok the Minotaur Fighter began the quest for the Orb.
     0 | D:1      | Reached XP level 1. HP: 19/19 MP: 0/0
    78 | D:1      | Reached skill level 4 in Fighting
   241 | D:1      | Reached XP level 2. HP: 25/27 MP: 1/1
   562 | D:2      | Found a shattered altar of Ashenzari.
   782 | D:2      | Reached skill level 5 in Fighting
   782 | D:2      | Reached XP level 3. HP: 7/36 MP: 2/2
  1104 | D:2      | Found a hazy altar of Hepliaklqana.
  1104 | D:2      | Found a radiant altar of Vehumet.
  1278 | D:2      | Reached XP level 4. HP: 44/44 MP: 3/3
  1311 | D:2      | You fall through a shaft!
  1332 | D:3      | Reached skill level 6 in Fighting
  1545 | D:2      | Noticed Jessica
  1553 | D:2      | Killed Jessica
  2105 | D:3      | Reached skill level 7 in Fighting
  2105 | D:3      | Reached XP level 5. HP: 38/52 MP: 2/4
  2219 | D:3      | Noticed Ijyb
  2237 | D:3      | Killed Ijyb
  2542 | D:4      | Noticed a black bear
  2558 | D:3      | Killed a black bear
  2558 | D:3      | Reached skill level 8 in Fighting
  2558 | D:3      | Reached XP level 6. HP: 57/61 MP: 5/5
  2615 | D:4      | Found a runed door.
  2620 | D:4      | Noticed a human
  2621 | D:4      | Found a basalt altar of Yredelemnul.
  2877 | D:4      | Found a staircase to the Ecumenical Temple.
  2885 | Temple   | Entered the Ecumenical Temple
  2951 | Temple   | Became a worshipper of Warmaster Okawaru
  3053 | D:4      | Reached skill level 1 in Invocations
  3336 | D:5      | Entered Level 5 of the Dungeon
  3352 | D:5      | Reached skill level 9 in Fighting
  3409 | D:5      | Found Eklo Waar's Armour Shoppe.
  3515 | D:5      | Noticed Duvessa
  3516 | D:5      | Noticed Dowan
  3532 | D:5      | Killed Duvessa
  3532 | D:5      | Reached skill level 1 in Bows
  3532 | D:5      | Reached XP level 7. HP: 57/70 MP: 4/7
  3536 | D:5      | Killed Dowan
  3536 | D:5      | Reached * piety under Okawaru
  3735 | D:5      | Noticed Prince Ribbit
  3739 | D:5      | Killed Prince Ribbit
  3799 | D:5      | Reached skill level 10 in Fighting
  3882 | D:5      | Found a faded altar of an unknown god.
  3882 | D:5      | Found a deep blue altar of Sif Muna.
  3902 | D:5      | Found a faded altar of an unknown god.
  3904 | D:5      | Found a faded altar of an unknown god.
  3977 | D:5      | Found a faded altar of an unknown god.
  4018 | D:5      | Reached XP level 8. HP: 75/79 MP: 9/9
  4300 | D:6      | Reached ** piety under Okawaru
  4369 | D:6      | Reached skill level 11 in Fighting
  5342 | D:6      | Found Epicleoh's Assorted Antiques.
  5345 | D:6      | Bought a scroll labeled RUTSUA LEHAOKH for 23 gold pieces
  5345 | D:6      | Bought a scroll labeled OCHOEM PADYU for 23 gold pieces
  5345 | D:6      | Bought a scroll labeled GUNWATTEMN for 23 gold pieces
  5345 | D:6      | Bought an encrusted morningstar for 207 gold pieces
  5345 | D:6      | Bought a scroll labeled PUMUMEU NOLIN for 23 gold pieces
  5345 | D:6      | Identified the +9 morningstar of Quaqaub {holy, MP+9 Dex+2} (You bought it in a shop on level 6 of the Dungeon)
  5506 | D:7      | Reached XP level 9. HP: 78/90 MP: 11/11
  5511 | D:7      | Reached skill level 5 in Bows
  5528 | D:7      | Noticed Joseph
  5547 | D:7      | Killed Joseph
  5547 | D:7      | Reached *** piety under Okawaru
  5547 | D:7      | Reached skill level 12 in Fighting
  5547 | D:7      | Reached skill level 5 in Invocations
  5595 | D:7      | Received a gift from Okawaru
  5766 | D:7      | Found a blossoming altar of Fedhas.
  5766 | D:7      | Found an ancient bone altar of Kikubaaqudgha.
  5770 | D:7      | Found a glowing silver altar of Zin.
  5802 | D:7      | Found a stormy altar of Qazlal.
  6041 | D:7      | Gained mutation: Your natural rate of healing is unusually fast. [mutagenic meat]
  6042 | D:7      | Gained mutation: You possess an exceptional clarity of mind. [mutagenic meat]
  6043 | D:7      | Gained mutation: You are frail. (-10% HP) [mutagenic meat]
  6044 | D:7      | Gained mutation: You heal very quickly. [mutagenic meat]
  6045 | D:7      | Gained mutation: You are weak. (Str -2) [mutagenic meat]
  6264 | D:7      | Reached skill level 13 in Fighting
  6435 | D:8      | Found a staircase to the Lair.
  6552 | D:8      | Reached **** piety under Okawaru
  6552 | D:8      | Reached XP level 10. HP: 86/90 MP: 13/13
  6557 | D:8      | Found a snail-covered altar of Cheibriados.
  7061 | D:9      | Found a white marble altar of Elyvilon.
  7268 | D:9      | Reached skill level 14 in Fighting
  7337 | D:9      | Noticed Psyche
  7343 | D:9      | Killed Psyche
  7343 | D:9      | Received a gift from Okawaru
  7510 | D:9      | Found a sparkling altar of Nemelex Xobeh.
  7632 | D:9      | Found a glowing golden altar of the Shining One.
  7808 | D:10     | Entered Level 10 of the Dungeon
  7893 | D:10     | Reached ***** piety under Okawaru
  7982 | D:10     | Noticed a gargoyle
  7992 | D:10     | Killed a gargoyle
  8221 | D:10     | Reached XP level 11. HP: 75/98 MP: 16/16
  8316 | D:10     | Noticed a hill giant
  8316 | D:10     | Reached skill level 15 in Fighting
  8328 | D:10     | Killed a hill giant
  8746 | D:10     | Received a gift from Okawaru
  8981 | D:6      | Bought a fine war axe for 195 gold pieces
  8981 | D:6      | Identified the +8 war axe "Ciatyi" {speed, +Fly rElec Dex+3} (You bought it in a shop on level 6 of the Dungeon)
  9065 | Lair:1   | Entered Level 1 of the Lair of Beasts
  9174 | Lair:1   | Received a gift from Okawaru
  9288 | Lair:1   | Noticed Sonja
  9465 | Lair:1   | Found a frozen archway.
  9472 | IceCv    | Entered an ice cave
  9578 | IceCv    | Reached skill level 16 in Fighting
  9646 | IceCv    | Reached skill level 10 in Bows
  9648 | IceCv    | Reached ****** piety under Okawaru
  9771 | IceCv    | Received a gift from Okawaru
  9771 | IceCv    | Reached skill level 10 in Invocations
  9771 | IceCv    | Reached XP level 12. HP: 96/109 MP: 15/18
  9788 | IceCv    | Got a scorched shortbow {god gift}
  9847 | IceCv    | Identified the +8 shortbow "Giantslayer" {velocity, rF+ Dex+3} (Okawaru gifted it to you in an ice cave)
 10010 | IceCv    | Noticed a death yak
 10010 | IceCv    | Noticed a death yak
 10010 | IceCv    | Noticed a frost giant
 10022 | IceCv    | Killed a death yak
 10031 | IceCv    | Killed a death yak
 10040 | IceCv    | HP: 4/109 [frost giant/bolt of cold (22)]
 10040 | IceCv    | Slain by a polar bear

Skill      XL: |  1  2  3  4  5  6  7  8  9 10 11 12 |
---------------+-------------------------------------+-----
Fighting       | 4 5 7 8 9 10 11 13 14 16 | 16.0
Invocations    | 2 3 4 6 8 10 | 10.0
Bows           | 1 3 4 6 8 10 12 | 12.3
Long Blades    | |  2.4
Armour         | |  3.6
Shields        | |  3.6

Action                   |  1- 3 |  4- 6 |  7- 9 | 10-12 || total
-------------------------+-------+-------+-------+-------++-------
Melee: Long sword        |    56 |   132 |   101 |    15 ||   304
       Headbutt          |     6 |    30 |    75 |   129 ||   240
       Scimitar          |       |       |    36 |       ||    36
       Morningstar       |       |       |   132 |   247 ||   379
       War axe           |       |       |       |   196 ||   196
 Fire: Shortbow          |       |       |       |   100 ||   100
Invok: Heroism           |       |       |     1 |     3 ||     4
  Use: Scroll            |       |     4 |     6 |     3 ||    13
       Potion            |       |       |       |     3 ||     3
  Eat: Chunk             |     1 |     7 |    17 |    13 ||    38
Armor: Scale mail        |    21 |     6 |       |       ||    27
       Fire dragon scale |       |    49 |    48 |       ||    97
       Plate armour      |       |       |   130 |   285 ||   415
Dodge: Dodged            |    19 |    40 |    51 |    87 ||   197
Block: Shield            |    33 |    72 |   147 |   279 ||   531
       Rpst.: Long sword |     6 |    10 |     5 |     2 ||    23
       Scimitar          |       |       |     1 |       ||     1
